 Dungeon Crawl Stone Soup version 0.22-a0-443-g17c3723 (webtiles) character file.

23 KristoblXynda the Sneak (level 2, -5/22 HPs)
             Began as a Naga Enchanter on June 1, 2018.
             Slain by a goblin
             ... wielding a +0 club
             ... led by Robin
              (9 damage)
             ... on level 1 of the Dungeon.
             The game lasted 00:02:12 (848 turns).

KristoblXynda the Sneak (Naga Enchanter)             Turns: 848, Time: 00:02:13

Health: -5/22      AC:  1    Str: 10    XL:     2   Next: 95%
Magic:  5/5        EV: 10    Int: 15    God:
Gold:   62         SH:  0    Dex: 11    Spells: 2/5 levels left

rFire    . . .     SeeInvis +   a - +1 dagger
rCold    . . .     Gourm    .   (no shield)
rNeg     . . .     Faith    .   b - +0 robe
rPois    +         Spirit   .   f - +0 hat
rElec    .         Reflect  .   (no cloak)
rCorr    .         Harm     .   (no gloves)
MR       .....                  (no barding)
Stlth    +++.......             (no amulet)
HPRegen  0.07/turn              (no ring)
MPRegen  0.09/turn              (no ring)

@: short of breath, very slow
A: large, see invisible, deformed body, poison resistance, slowness 2, slow
metabolism 1, spit poison 1, AC +0
a: Spit Poison


You were on level 1 of the Dungeon.
You were not hungry.

You visited 1 branch of the dungeon, and saw 2 of its levels.

You collected 62 gold pieces.

Inventory:

Hand Weapons
 a - a +1 dagger (weapon)
Armour
 b - a +0 robe (worn)
 c - a +0 ring mail
 f - a +0 hat (worn)
Scrolls
 g - 2 scrolls of remove curse {unknown}
 i - a scroll of teleportation {unknown}
 j - a scroll of fog {unknown}
 l - a scroll of identify {unknown}
Potions
 k - a potion of berserk rage {unknown}
Comestibles
 d - 6 rations


   Skills:
 - Level 1.0 Short Blades
 - Level 1.5 Dodging
 + Level 5.0 Stealth
 + Level 2.4 Spellcasting
 + Level 3.3 Hexes


You had 2 spell levels left.
You knew the following spells:

 Your Spells              Type           Power        Failure   Level  Hunger
a - Corona                Hex            ##.....      5%          1    #......
b - Ensorcelled Hibernat  Hex/Ice        #.....       16%         2    ###....

Your spell library contained the following spells:

 Spells                   Type           Power        Failure   Level  Hunger
 Confuse                  Hex            ##......     16%         3    ###....
 Tukima's Dance           Hex            ##......     16%         3    ###....
 Dazzling Spray           Conj/Hex       #.....       32%         3    ###....


Dungeon Overview and Level Annotations

Branches:
Dungeon (2/15)

Altars:

Annotations:
D:2 Robin


Innate Abilities, Weirdness & Mutations

You cannot wear boots.
Your serpentine skin is tough. (AC +0)
You have supernaturally acute eyesight. (SInv)
Armour fits poorly on your strangely shaped body.
Your system is resistant to poisons. (rPois)
You cover ground very slowly.
You have a slow metabolism.
You can spit poison.


Message History

Robin throws the goblin at you! The goblin hits you with a club.
The goblin hits you but does no damage. The goblin hits you with a dagger.
The goblin hits you with a club. 3 goblins come into view.
The goblin hits you with a dagger. The goblin hits you with a club.
There is a stone staircase leading up here.
The goblin hits you with a dagger.
* * * LOW HITPOINT WARNING * * *
You climb upwards.
There is a stone staircase leading down here.
It was a potion of heal wounds.
You feel much better.
The goblin hits you with a dagger. x2; The goblin hits you with a club.
Press: ? - help, Shift-Dir - straight line, f - goblin
Aim: a goblin, wielding a dagger (unusually strong)
The splash of poison hits the goblin.
You kill the goblin!
You feel slightly more hungry. The goblin hits you with a dagger.
* * * LOW HITPOINT WARNING * * *
The goblin hits you with a club!
You die...

#################.#
........##........#
#######.##.######.#
#.##.#......#
#######.##.#.###..#
..#.....##.#...#..#
#.#.######.###.#..#
#.#.#...##(.......#
...............)@.#
.÷..^...######.#gg#
..#.##..#......#..###
..#.....#.######....#
..#.......# ##.#.#
..#.#############...#
..#####.........#####
.###...............##
.##......⌠...⌠......#


You could see 2 goblins.

Vanquished Creatures
  A worm (D:2)
  5 goblins
  3 hobgoblins (D:1)
  2 bats (D:1)
  A frilled lizard (D:1)
  11 rats (D:1)
23 creatures vanquished.

Notes
Turn   | Place    | Note
-------+----------+-------------------------------------------
     0 | D:1      | KristoblXynda the Naga Enchanter began the quest for the Orb.
     0 | D:1      | Reached XP level 1. HP: 15/15 MP: 3/3
   240 | D:1      | Reached XP level 2. HP: 22/22 MP: 5/5
   244 | D:1      | Learned a level 2 spell: Ensorcelled Hibernation
   832 | D:2      | Reached skill level 5 in Stealth
   836 | D:2      | Noticed Robin
   848 | D:1      | Slain by a goblin

Vault maps used:
D:1:      dpeg_arrival_stone_temple_mockup, minmay_rat_gold_closets
D:2:      serial_park_tiny_pond, nemelex_dance_club_becter, uniq_robin,
          uniq_crazy_yiuf_cottage, uniq_sigmund

Skill      XL: |  1  2 |
---------------+-------+-----
Stealth        | 5 |  5.0
Short Blades   | |  1.0
Dodging        | |  1.5
Spellcasting   | |  2.4
Hexes          | |  3.3

Action                   || total
-------------------------++-------
Melee: Dagger            ||    41
 Cast: Corona            ||     1
       Ensorcelled Hiber ||     5
 Abil: Spit Poison       ||     4
  Use: Potion            ||     1
 Stab: Sleeping          ||     9
Armor: Robe              ||     6
Dodge: Dodged            ||    21

Table legend:
 A = Spawn XP
 B = Non-spawn XP
 C = Spawn XP percentage of total XP
 D = Spawn monster count
 E = Non-spawn monster count
 F = Spawn count percentage of total count
 G = Total turns spent on level
                    A         B        C        D         E        F      G
               +---------+---------+-------+---------+---------+-------+---------
         Total |       0 |      33 |   0.0 |       0 |      23 |   0.0 |   848
               +---------+---------+-------+---------+---------+-------+---------
           D:1 |       0 |      26 |   0.0 |       0 |      21 |   0.0 |   826
           D:2 |       0 |       7 |   0.0 |       0 |       2 |   0.0 |    22
               +---------+---------+-------+---------+---------+-------+---------
